 Dungeon Crawl Stone Soup version 0.30-a0-778-g2ef04afb54 (webtiles) character file.

Game seed: 7735937572067210298

112 Pimp the Trooper (level 4, -1/35 HPs)
             Began as a Demonspawn Fighter on Feb 16, 2023.
             Killed from afar by an orc wizard (13 damage)
             ... with a puff of flame
             ... on level 3 of the Dungeon.
             The game lasted 00:04:06 (1680 turns).

Pimp the Trooper (Demonspawn Fighter)               Turns: 1680, Time: 00:04:07

Health: -1/35      AC:  6    Str: 18    XL:     4   Next: 63%
Magic:  4/4        EV:  9    Int: 10    God:
Gold:   113        SH:  8    Dex: 12    Spells: 3/3 levels left

rFire   . . .      SeeInvis .    a - +0 long sword
rCold   . . .      Faith    .    c - +0 buckler
rNeg    . . .      Spirit   .    b - +0 scale mail
rPois   .          Reflect  .    (no helmet)
rElec   .          Harm     .    (no cloak)
rCorr   .          Rampage  .    (no gloves)
Will    .....                    (no boots) Stlth
                                 (no amulet)
HPRegen 0.25/turn                (no ring)
MPRegen 0.09/turn                (no ring)

@: no status effects
A: large bone plates 1, weakness stinger 1
a: no special abilities


You were on level 3 of the Dungeon.
You visited 1 branch of the dungeon, and saw 3 of its levels.

You collected 113 gold pieces.

Inventory:

Hand Weapons
 a - a +0 long sword (weapon)
Missiles
 h - 10 poisoned darts (quivered)
Armour
 b - a +0 scale mail (worn)
 c - a +0 buckler (worn)
Jewellery
 l - a +4 ring of protection
Scrolls
 e - 3 scrolls of identify {unknown}
 f - a scroll of amnesia {unknown}
 g - a scroll of teleportation {unknown}
 k - a scroll of poison {unknown}
 n - a scroll of enchant armour {unknown}
Potions
 d - 2 potions of might
 i - a potion of brilliance {unknown}
 m - a potion of mutation {unknown}


   Skills:
 + Level 3.5 Fighting
 + Level 2.9 Long Blades
 + Level 3.4 Armour
 + Level 0.4 Dodging
 + Level 3.2 Shields


You had 3 spell levels left.
You didn't know any spells.
Your spell library was empty.

Dungeon Overview and Level Annotations

Branches:
Dungeon (3/15)

Altars:

Shops:
D:1 [


Innate Abilities, Weirdness & Mutations

You are partially covered in large bone plates. (SH +4)
You have a small tail.


Message History

The magic dart hits you but does no damage.
You barely miss the orc wizard.
The orc wizard is severely wounded.
The jackal misses you.
The orc wizard hits you with a +0 dagger.
You block the jackal's attack.
You closely miss the orc wizard.
Your tail-slap misses the orc wizard.
The orc wizard is severely wounded.
The jackal bites you but does no damage.
The orc wizard hits you but does no damage.
You slash the orc wizard!
You kill the orc wizard!
The jackal closely misses you. You block the jackal's attack.
You hit the jackal.
The jackal is moderately wounded.
The jackal bites you but does no damage.
The orc barely misses you. You block the jackal's attack.
Deactivating autopickup; reactivate with Ctrl-A.
You barely miss something.
Your tail-slap misses something.
You block the jackal's attack.
You hear some strange, mumbled words.
Something tries to affect you, but you resist.
The jackal closely misses you.
You barely miss something.
The jackal bites you but does no damage.
Something hits you but does no damage.
The jackal bites you but does no damage.
Something hits you but does no damage.
You hit the jackal.
The jackal is almost dead.
The jackal bites you.
The jackal bites you but does no damage.
You hear some strange, mumbled words.
Something tries to affect you, but you resist.
You closely miss the jackal. You tail-slap the jackal.
You kill the jackal!
You hear some strange, mumbled words.
A puff of flame appears from out of thin air!
The puff of flame hits you!
You die...

..........
.......... #.......#
#.......# ##..!....#
.........# ..#
.......oo# .. ..
.......{.####.###.##
.....###@...#.......
.#..................
##................
##.###........#.# #.
##.......#.# #.
###.....#.# .
##......# ##.....#
#.###.#


You could see 2 orcs.

Vanquished Creatures
  An orc wizard (D:3)
  3 adders (D:2)
  A worm (D:2)
  An orc (D:3)
  8 ball pythons
  8 endoplasms
  5 giant cockroaches
  5 goblins
  4 hobgoblins
  3 jackals (D:3)
  5 kobolds
  A quokka (D:1)
  A bat (D:2)
  3 frilled lizards
  3 rats
52 creatures vanquished.

Notes
Turn   | Place    | Note
-------+----------+-------------------------------------------
     0 | D:1      | Pimp the Demonspawn Fighter began the quest for the Orb.
     0 | D:1      | Reached XP level 1. HP: 18/18 MP: 1/1
   265 | D:1      | Gained mutation: You have a small tail. [demonic ancestry]
   265 | D:1      | Reached XP level 2. HP: 17/24 MP: 2/2
   561 | D:1      | Found Yran's Armour Boutique.
   579 | D:1      | Found a faded altar of an unknown god.
  1061 | D:2      | Gained mutation: You are partially covered in large bone
                  | plates. (SH +4) [demonic ancestry]
  1061 | D:2      | Reached XP level 3. HP: 19/29 MP: 3/3
  1346 | D:2      | Reached XP level 4. HP: 35/35 MP: 4/4
  1647 | D:3      | Identified the +4 ring mail of a sewer {rElec Dex+3}
  1680 | D:3      | Killed from afar by an orc wizard

Illustrated notes

Levels and vault maps discovered:
D:1:      dpeg_arrival_court, layout_basic, serial_shops,
          nicolae_shop_behind_doors, shapermc_ecumenical_altar_petra
D:2:      layout_basic, minmay_pentomino_pile
D:3:      layout_loops_cross, uniq_sigmund, uniq_ijyb

Skill      XL: |  1  2 |
---------------+-------+-----
Armour         | 3 |  3.4
Shields        | 3 |  3.2
Long Blades    | 2 |  2.9
Fighting       | |  3.5
Dodging        | |  0.4

Action                     |  1- 3 |  4- 6 || total
---------------------------+-------+-------++-------
  Melee: Long sword        |   122 |    66 ||   188
         Tailslap          |     5 |     5 ||    10
    Use: Potion            |       |     3 ||     3
 Armour: Scale mail        |    58 |    57 ||   115
  Dodge: Dodged            |    58 |    47 ||   105
  Block: Buckler           |    42 |    52 ||    94

Table legend: (Time is in decaauts)
 A = Elapsed time spent in this place.
 B = Non-inter-level travel time spent in this place.
 C = Inter-level travel time spent in this place.
 D = Time resting spent in this place.
 E = Time spent auto-exploring this place.
 F = Levels seen in this place.
 G = Mean time per level.
                   A        B        C        D        E       F      G
               +--------+--------+--------+--------+--------+-----+--------+
         Total |   1740 |   1670 |     70 |      0 |   1218 |   3 |  580.0 |
       Dungeon |   1740 |   1670 |     70 |      0 |   1218 |   3 |  580.0 |
               +--------+--------+--------+--------+--------+-----+--------+

Top non-repeatable levels by time:
     D:1: 1038 daAuts
     D:2: 598 daAuts
     D:3: 104 daAuts
